 Dungeon Crawl Stone Soup version 0.23.1 (webtiles) character file.

Game seed: 8426595143095283725

12038 Kniotic the Martial Artist (level 11, -4/90 HPs)
             Began as a Demonspawn Monk on Mar 2, 2019.
             Was a High Priest of Cheibriados.
             Killed from afar by an electric eel (8 damage)
             ... with a bolt of electricity
             ... on level 2 of the Lair of Beasts.
             The game lasted 00:24:07 (13784 turns).

Kniotic the Martial Artist (Demonspawn Monk)       Turns: 13784, Time: 00:24:08

Health: -4/90      AC:  3    Str: 23    XL:     11   Next: 57%
Magic:  0/14       EV: 23    Int: 24    God:    Cheibriados [*****.]
Gold:   905        SH:  4    Dex: 31    Spells: 9/10 levels left

rFire    . . .     SeeInvis +     - Unarmed
rCold    . . .     Gourm    .   (no shield)
rNeg     . . .     Faith    .   a - +0 robe
rPois    +         Spirit   +   (no helmet)
rElec    .         Reflect  .   Q - scarf {Spirit}
rCorr    .         Harm     .   (no gloves)
MR       .....                  m - +0 pair of boots
Stlth    ++........             l - amulet of magic regeneration
HPRegen  0.25/turn              i - ring of see invisible
MPRegen  0.39/turn              s - ring of poison resistance

@: very slow
A: large bone plates 1, foul stench 2, powered by death 3, rot immunity
a: Bend Time, Temporal Distortion, Slouch, Step From Time, Renounce Religion


You were on level 2 of the Lair of Beasts.
You worshipped Cheibriados.
Cheibriados was extremely pleased with you.
You were hungry.

You visited 3 branches of the dungeon, and saw 14 of its levels.

You collected 905 gold pieces.

Inventory:

Armour
 a - a +0 robe (worn)
 m - a +0 pair of boots (worn)
 Q - a scarf of spirit shield (worn)
Jewellery
 i - a ring of see invisible (left hand)
 l - an amulet of magic regeneration (around neck)
 s - a ring of poison resistance (right hand)
 x - an uncursed ring of stealth {unknown}
 y - an uncursed ring of resist corrosion
 J - an uncursed ring of protection from magic {unknown}
 O - an uncursed ring of stealth {unknown}
 P - a +2 ring of strength {unknown}
Wands
 k - a wand of clouds (4)
 t - a wand of enslavement (7)
 w - a wand of random effects (20)
 A - a wand of flame (37)
 C - a wand of acid (5)
 D - a wand of polymorph (5)
 G - a wand of digging (5)
 I - a wand of disintegration (25)
 M - a wand of iceblast (5)
Scrolls
 c - 9 scrolls of teleportation
 d - 4 scrolls of enchant weapon {unknown}
 e - 7 scrolls of identify
 f - 3 scrolls of random uselessness {unknown}
 h - 10 scrolls of remove curse
 j - 2 scrolls of magic mapping {unknown}
 n - a scroll of enchant armour {unknown}
 p - 2 scrolls of fear {unknown}
 B - a scroll of torment {unknown}
 E - 2 scrolls of noise {unknown}
 K - 2 scrolls of vulnerability {unknown}
 L - a scroll of amnesia {unknown}
 N - a scroll of acquirement {unknown}
 S - a scroll of immolation {unknown}
Potions
 g - a potion of lignification
 o - a potion of magic
 q - 2 potions of cancellation {unknown}
 r - 4 potions of curing
 u - 5 potions of heal wounds
 v - 3 potions of brilliance {unknown}
 z - a potion of agility {unknown}
 F - 2 potions of invisibility {unknown}
 H - 2 potions of ambrosia {unknown}
Comestibles
 b - 17 rations


   Skills:
 - Level 10.0 Fighting
 * Level 9.5 Dodging
 - Level 1.7 Stealth
 - Level 10.0 Unarmed Combat
 - Level 6.0 Hexes
 + Level 4.8 Invocations


You had 9 spell levels left.
You knew the following spells:

 Your Spells              Type           Power        Failure   Level  Hunger
a - Confusing Touch       Hex            ####..       1%          1    ##.....

Your spell library contained the following spells:

 Spells                   Type           Power        Failure   Level  Hunger
 Confuse                  Hex            ####....     3%          3    ####...
 Sandblast                Erth           #.....       14%         1    ##.....
 Passwall                 Tmut/Erth      #.......     22%         2    ###....
 Gell's Gravitas          Tloc           #.........   41%         3    ####...
 Stone Arrow              Conj/Erth      #.....       41%         3    ####...
 Metabolic Englaciation   Hex/Ice        ##........   75%         5    ######.
 Yara's Violent Unravell  Hex/Tmut       ##........   75%         5    ######.
 Petrify                  Tmut/Erth      #.......     82%         4    #####..
 Lee's Rapid Deconstruct  Erth           #.........   99%         5    ######.


Dungeon Overview and Level Annotations

Branches:
Dungeon (11/15)            Temple (1/1) D:7            Lair (2/6) D:9
    Orc (0/2) D:11
  Swamp: Lair:2-4    Shoals: Lair:2-4     Snake: Lair:2-4    Spider: Lair:2-4

Altars:
Ashenzari
Cheibriados
Dithmenos
Elyvilon
Fedhas
Gozag
Hepliaklqana
Kikubaaqudgha
Makhleb
Nemelex Xobeh
Okawaru
Qazlal
Ru
Sif Muna
Trog
Uskayaw
Vehumet
Wu Jian
Xom
Yredelemnul
Zin
The Shining One

Shops:
D:5 *   D:10 (

Annotations:
Lair:2 Gastronok


Innate Abilities, Weirdness & Mutations

You are partially covered in large bone plates. (SH +4)
You frequently emit foul miasma when damaged in melee.
You regenerate a lot of health from kills.
You are immune to rotting.


Message History

The electric eel shoots out a bolt of lightning at you!
The bolt of electricity hits the plant.
The bolt of electricity misses you.
You hit the electric eel. You punch the electric eel!
You kill the electric eel!
Cheibriados thoroughly appreciates the change of pace.
You hear a splash.
The electric eel shoots out a bolt of lightning at you!
The bolt of electricity hits the plant!
The bolt of electricity hits you!
* * * LOW HITPOINT WARNING * * *
The electric eel shoots out a bolt of lightning at you!
The bolt of electricity hits the plant!
The bolt of electricity hits you!
* * * LOW HITPOINT WARNING * * *
You enter the shallow water.
Moving in this stuff is going to be slow.
The electric eel shoots out a bolt of lightning at you!
The bolt of electricity hits you!
* * * LOW HITPOINT WARNING * * *
The electric eel shoots out a bolt of lightning at you!
The bolt of electricity hits you!
You die...

#......... #.........
##.........
#######..........
♣####....###.........
♣♣♣#≈#≈#................
♣≈≈≈≈≈≈≈P...............
P≈P≈≈P≈P................
≈≈≈P≈≈;@................
≈≈≈≈≈≈≈P.............#.#
≈≈≈≈≈≈≈...............##
≈≈≈≈P≈P..............P##
≈≈≈≈≈≈≈≈................
≈≈≈≈≈≈≈≈P...............
≈≈≈≈≈≈≈≈................
≈≈≈P≈P≈P≈...###.........
^....


You could see an electric eel.

Vanquished Creatures
  Snorg (D:10)
  A hydra (Lair:2)
  Pikel (D:7)
  Joseph (D:7)
  2 spiny frogs
  3 komodo dragons
  Prince Ribbit (D:5)
  Grinder (D:5)
  3 blink frogs (Lair:2)
  Sigmund (D:3)
  4 yaks (Lair:1)
  Eustachio (D:6)
  4 basilisks
  A steam dragon (D:11)
  3 wargs (D:11)
  A hungry ghost (D:9)
  A water moccasin (Lair:1)
  2 insubstantial wisps (D:11)
  3 porcupines
  Duvessa (D:7)
  2 orc warriors
  7 sky beasts
  A slave (D:7)
  A black bear (D:6)
  A necrophage (D:10)
  2 ice beasts
  An eye of draining (D:9)
  2 phantoms
  3 ogres
  6 centaurs
  4 crocodiles
  A big kobold (D:4)
  6 bullfrogs
  Blork the orc (D:5)
  Dowan (D:7)
  2 water moccasin skeletons
  4 scorpions
  5 wights (D:7)
  A howler monkey (D:6)
  An electric eel (Lair:2)
  A crimson imp (D:8)
  A centaur zombie (D:8)
  A quasit (D:11)
  3 jellies
  4 orc wizards
  4 orc priests
  A bullfrog zombie (D:8)
  A centaur skeleton (D:8)
  4 hounds
  2 iguanas
  13 worker ants
  A hound skeleton (D:4)
  A hound zombie (D:10)
  2 howler monkey zombies (D:6)
  A worker ant zombie (D:10)
  11 adders
  2 shadow imps
  An adder zombie (D:5)
  An adder skeleton (D:9)
  5 worms
  3 dart slugs
  2 leopard geckos
  24 orcs
  3 ball pythons
  6 giant cockroaches
  7 hobgoblins
  13 jackals
  5 kobolds
  4 quokkas
  8 bats
  3 frilled lizards
  10 goblins
  A jackal skeleton (D:9)
  A leopard gecko skeleton (D:4)
  A leopard gecko zombie (D:8)
  3 quokka zombies
  4 rats
246 creatures vanquished.

Vanquished Creatures (others)
  5 dream sheep (D:9)
  An ice beast (D:7)
  A plant (D:9)
7 creatures vanquished.

Grand Total: 253 creatures vanquished

Notes
Turn   | Place    | Note
-------+----------+-------------------------------------------
     0 | D:1      | Kniotic the Demonspawn Monk began the quest for the Orb.
     0 | D:1      | Reached XP level 1. HP: 18/18 MP: 1/1
   126 | D:1      | Gained mutation: You regenerate a little health from kills.
                  | [demonic ancestry]
   126 | D:1      | Reached XP level 2. HP: 12/24 MP: 2/2
   820 | D:2      | Gained mutation: You are immune to rotting. [demonic
                  | ancestry]
   820 | D:2      | Reached XP level 3. HP: 19/29 MP: 3/3
  1512 | D:2      | You fall through a shaft for 2 floors!
  1528 | D:4      | Gained mutation: You regenerate health from kills. [demonic
                  | ancestry]
  1528 | D:4      | Reached XP level 4. HP: 11/35 MP: 4/4
  1810 | D:4      | Found an ancient bone altar of Kikubaaqudgha.
  1811 | D:4      | Found a white marble altar of Elyvilon.
  1811 | D:4      | Found a shadowy altar of Dithmenos.
  1838 | D:3      | Found a faded altar of an unknown god.
  1858 | D:3      | Reached skill level 5 in Unarmed Combat
  2050 | D:3      | Noticed Sigmund
  2057 | D:3      | Killed Sigmund
  2057 | D:3      | Reached XP level 5. HP: 32/41 MP: 5/5
  2057 | D:3      | Reached XP level 6. HP: 37/47 MP: 6/6
  2949 | D:3      | Learned a level 1 spell: Confusing Touch
  4109 | D:4      | Gained mutation: You may emit foul miasma when damaged in
                  | melee. [demonic ancestry]
  4109 | D:4      | Reached XP level 7. HP: 15/52 MP: 7/7
  4866 | D:5      | Entered Level 5 of the Dungeon
  4870 | D:5      | Found a radiant altar of Vehumet.
  4871 | D:5      | Noticed Prince Ribbit
  5078 | D:5      | Found Duepuz's Serpentskin Sales.
  5546 | D:5      | Noticed Blork the orc
  5564 | D:5      | Noticed Grinder
  5570 | D:5      | Killed Blork the orc
  5588 | D:5      | Killed Grinder
  5588 | D:5      | Gained mutation: You frequently emit foul miasma when
                  | damaged in melee. [demonic ancestry]
  5588 | D:5      | Reached XP level 8. HP: 25/58 MP: 8/8
  6118 | D:6      | Noticed Eustachio
  6138 | D:6      | Killed Eustachio
  6138 | D:6      | Reached skill level 10 in Unarmed Combat
  6900 | D:6      | Reached skill level 1 in Hexes
  7447 | D:7      | Gained mutation: You regenerate a lot of health from kills.
                  | [demonic ancestry]
  7447 | D:7      | Reached XP level 9. HP: 20/66 MP: 9/9
  7660 | D:7      | Found a staircase to the Ecumenical Temple.
  7673 | Temple   | Entered the Ecumenical Temple
  7815 | Temple   | Became a worshipper of Cheibriados the Contemplative
  7815 | Temple   | Reached * piety under Cheibriados
  7815 | Temple   | Reached ** piety under Cheibriados
  7917 | D:7      | Noticed Pikel
  7948 | D:7      | Killed Pikel
  7948 | D:7      | Reached skill level 5 in Fighting
  7953 | D:7      | Reached skill level 5 in Dodging
  8192 | D:7      | Noticed Duvessa
  8193 | D:7      | Noticed Dowan
  8203 | D:7      | Killed Duvessa
  8219 | D:7      | Killed Dowan
  8332 | D:7      | Noticed Joseph
  8343 | D:7      | Killed Joseph
  8659 | D:8      | Reached *** piety under Cheibriados
  8892 | D:8      | Found a shattered altar of Ashenzari.
  8897 | D:8      | Gained mutation: You are partially covered in large bone
                  | plates. (SH +4) [demonic ancestry]
  8897 | D:8      | Reached XP level 10. HP: 76/77 MP: 10/10
  9428 | D:9      | You fall through a shaft!
  9428 | D:10     | Entered Level 10 of the Dungeon
  9435 | D:10     | Reached **** piety under Cheibriados
 10182 | D:5      | Killed Prince Ribbit
 10373 | D:9      | Found a staircase to the Lair.
 10396 | D:9      | Reached skill level 5 in Hexes
 10941 | D:9      | Found a shimmering altar of Xom.
 11251 | D:10     | Noticed Snorg
 11264 | D:10     | HP: 2/81 [Snorg (19)]
 11265 | D:10     | Killed Snorg
 11715 | D:10     | Found Zaocsuq's Weapon Shoppe.
 12063 | D:11     | Reached skill level 1 in Invocations
 12152 | D:11     | Found a staircase to the Orcish Mines.
 12163 | D:11     | Reached XP level 11. HP: 70/89 MP: 12/12
 12314 | D:11     | Noticed a red ugly thing
 12449 | Lair:1   | Entered Level 1 of the Lair of Beasts
 12612 | Lair:1   | Reached ***** piety under Cheibriados
 13361 | Lair:2   | Noticed Gastronok
 13394 | Lair:2   | Noticed a four-headed hydra
 13471 | Lair:2   | Killed a four-headed hydra
 13471 | Lair:2   | Reached skill level 10 in Fighting
 13784 | Lair:2   | HP: 4/90 [electric eel/bolt of electricity (12)]
 13784 | Lair:2   | Killed from afar by an electric eel

Skill      XL: |  1  2  3  4  5  6  7  8  9 10 11 |
---------------+----------------------------------+-----
Unarmed Combat | 3 4 6 7 9 10 | 10.0
Dodging        | 4 6 8 9 |  9.5
Hexes          | 2 4 5 6 |  6.0
Fighting       | 4 6 9 10 | 10.0
Invocations    | 1 4 |  4.8
Stealth        | |  1.7

Action                   |  1- 3 |  4- 6 |  7- 9 | 10-12 || total
-------------------------+-------+-------+-------+-------++-------
Melee: Unarmed           |   181 |   191 |   369 |   354 ||  1095
       Punch             |     4 |     5 |    20 |    34 ||    63
Evoke: Wand              |       |       |       |     6 ||     6
  Use: Potion            |     1 |     3 |     2 |     2 ||     8
       Scroll            |       |     3 |       |     5 ||     8
 Stab: Sleeping          |     4 |     4 |    12 |    11 ||    31
  Eat: Chunk             |     2 |     8 |    11 |     8 ||    29
       Ration            |       |       |     1 |       ||     1
Armor: Robe              |    40 |    24 |    22 |    20 ||   106
       Skin              |       |       |     2 |     4 ||     6
Dodge: Dodged            |   129 |   136 |   200 |   248 ||   713
Block: Other             |       |       |       |    44 ||    44
